[ AOE2 MATCH · #463537715 ]
UnrankedMapuche vs Italians
[ REPLAY ANALYSIS · EXTRACTED FROM THE RECORDED GAME ]
Feudal
11:38
Castle
15:58
Imperial
—
| APM avg | 13.9 |
| APM peak | 60 |
| eAPM avg | 11.5 |
| Villagers / military | 124 / 13 |
Focus
⚔️ 17.9% · 🌾 82.1%
Unknown (2550) ×31 · Bolas Rider ×7 · Spearman ×5 · Monk ×1
Feudal
10:13
Castle
14:03
Imperial
30:58
| APM avg | 33.4 |
| APM peak | 79 |
| eAPM avg | 17.3 |
| Villagers / military | 166 / 68 |
Focus
⚔️ 21.7% · 🌾 78.3%
Knight ×62 · Monk ×4 · Trebuchet (Packed) ×2
Feudal
—
Castle
—
Imperial
—
| APM avg | 35.2 |
| APM peak | 84 |
| eAPM avg | 24.9 |
| Villagers / military | 132 / 120 |
Focus
⚔️ 39.9% · 🌾 60.1%
Militia ×49 · Spearman ×45 · Unknown (882) ×25 · Battering Ram ×14 · Scorpion ×12
Feudal
11:29
Castle
14:59
Imperial
29:13
| APM avg | 35.7 |
| APM peak | 72 |
| eAPM avg | 22.5 |
| Villagers / military | 137 / 57 |
Focus
⚔️ 11.9% · 🌾 88.1%
Scorpion ×29 · Scout Cavalry ×24 · Trebuchet (Packed) ×4
Feudal
11:33
Castle
25:13
Imperial
—
| APM avg | 21.8 |
| APM peak | 52 |
| eAPM avg | 11.1 |
| Villagers / military | 57 / 43 |
Focus
⚔️ 21.5% · 🌾 78.5%
Conquistador ×15 · Spearman ×12 · Skirmisher ×11 · Mangonel ×5
Feudal
11:56
Castle
19:06
Imperial
33:24
| APM avg | 14.3 |
| APM peak | 27 |
| eAPM avg | 9.9 |
| Villagers / military | 84 / 39 |
Focus
⚔️ 22.2% · 🌾 77.8%
Genoese Crossbowman ×37 · Petard ×2
Feudal
11:54
Castle
15:27
Imperial
30:15
| APM avg | 26.2 |
| APM peak | 57 |
| eAPM avg | 18.0 |
| Villagers / military | 140 / 48 |
Focus
⚔️ 21.1% · 🌾 78.9%
Knight ×42 · Spearman ×3 · Scout Cavalry ×2 · Monk ×1
Feudal
10:32
Castle
13:36
Imperial
27:28
| APM avg | 35.6 |
| APM peak | 70 |
| eAPM avg | 22.5 |
| Villagers / military | 211 / 117 |
Focus
⚔️ 20.2% · 🌾 79.8%
Battle Elephant ×117
Match map
Initial resources + every placement click. Lines = walls · curves = elevation contours. ◆ gold · ⬟ stone · ● berries · ✦ relic · ◌ wall gap
Inputs per minute
— Jean Claude Tiche - - Ethan 520
Build order — Jean Claude Tiche
First 150 of 189 actions detected
| 0:01 | Create | Villager (Male) |
| 0:01 | Create | Villager (Male) |
| 0:01 | Create | Villager (Male) |
| 0:02 | Create | Villager (Male) |
| 0:03 | Build | House |
| 0:06 | Build | House |
| 1:36 | Create | Villager (Male) |
| 1:36 | Create | Villager (Male) |
| 1:51 | Build | Settlement |
| 2:00 | Create | Villager (Male) |
| 2:36 | Create | Villager (Male) |
| 2:37 | Create | Villager (Male) |
| 2:56 | Create | Villager (Male) |
| 3:19 | Create | Villager (Male) |
| 3:48 | Create | Villager (Male) |
| 4:27 | Create | Villager (Male) |
| 4:27 | Create | Villager (Male) |
| 4:47 | Create | Villager (Male) |
| 4:47 | Create | Villager (Male) |
| 5:08 | Build | Settlement |
| 5:12 | Create | Villager (Male) |
| 5:48 | Build | House |
| 5:52 | Build | House |
| 5:55 | Create | Villager (Male) |
| 6:28 | Create | Villager (Male) |
| 6:40 | Create | Villager (Male) |
| 7:09 | Create | Villager (Male) |
| 7:36 | Create | Villager (Male) |
| 7:40 | Create | Villager (Male) |
| 7:41 | Create | Villager (Male) |
| 8:45 | Create | Villager (Male) |
| 9:12 | Build | Settlement |
| 9:28 | Research | Feudal Age |
| 9:53 | Create | Villager (Male) |
| 9:53 | Create | Villager (Male) |
| 11:38 | Age | Feudal Age |
| 11:48 | Build | Market |
| 11:58 | Build | Blacksmith |
| 12:01 | Create | Villager (Male) |
| 12:30 | Research | Horse Collar |
| 12:33 | Research | Double-Bit Axe |
| 12:37 | Research | Double-Bit Axe |
| 12:40 | Create | Villager (Male) |
| 12:41 | Create | Villager (Male) |
| 12:57 | Research | Castle Age |
| 13:05 | Build | Farm |
| 13:07 | Build | Farm |
| 13:17 | Build | Farm |
| 13:19 | Build | Farm |
| 13:26 | Build | Farm |
| 13:28 | Build | Farm |
| 13:31 | Build | Farm |
| 13:50 | Build | Farm |
| 13:54 | Build | Farm |
| 14:02 | Create | Villager (Male) |
| 14:02 | Create | Villager (Male) |
| 15:05 | Research | Gold Mining |
| 15:36 | Build | Farm |
| 15:38 | Build | Farm |
| 15:41 | Build | Farm |
| 15:58 | Age | Castle Age |
| 16:05 | Build | Town Center |
| 16:24 | Build | Town Center |
| 16:33 | Create | Villager (Male) |
| 16:33 | Create | Villager (Male) |
| 16:45 | Build | House |
| 16:46 | Build | House |
| 16:47 | Build | House |
| 16:49 | Build | House |
| 16:50 | Build | House |
| 16:53 | Build | House |
| 16:54 | Build | House |
| 16:57 | Build | House |
| 16:59 | Build | House |
| 17:06 | Research | Bow Saw |
| 17:26 | Build | Farm |
| 17:29 | Build | Farm |
| 17:38 | Build | Farm |
| 17:44 | Create | Villager (Male) ×4 |
| 17:44 | Create | Villager (Male) ×4 |
| 18:03 | Build | Farm |
| 18:08 | Create | Villager (Male) ×2 |
| 18:08 | Create | Villager (Male) ×2 |
| 18:25 | Create | Villager (Male) |
| 18:52 | Create | Villager (Male) ×2 |
| 19:02 | Build | Farm |
| 19:04 | Build | Farm |
| 19:06 | Build | Farm |
| 19:07 | Build | Farm |
| 19:12 | Build | Farm |
| 19:16 | Build | Farm |
| 19:21 | Create | Villager (Male) ×3 |
| 19:21 | Create | Villager (Male) ×3 |
| 19:45 | Create | Villager (Male) |
| 20:06 | Research | Heavy Plow |
| 20:18 | Build | Farm |
| 20:19 | Build | Farm |
| 20:21 | Build | Farm |
| 20:28 | Research | Wheelbarrow |
| 20:29 | Research | Loom |
| 20:36 | Create | Villager (Male) |
| 20:50 | Create | Villager (Male) |
| 20:50 | Create | Villager (Male) |
| 20:53 | Create | Villager (Male) |
| 20:53 | Create | Villager (Male) |
| 21:00 | Create | Villager (Male) |
| 21:00 | Create | Villager (Male) |
| 21:21 | Research | Stone Mining |
| 21:26 | Create | Villager (Male) ×2 |
| 21:41 | Create | Villager (Male) ×2 |
| 22:02 | Create | Villager (Male) ×3 |
| 22:11 | Build | House |
| 22:14 | Build | House |
| 22:16 | Build | House |
| 22:27 | Create | Villager (Male) ×4 |
| 22:33 | Build | Monastery |
| 22:43 | Build | University |
| 22:49 | Create | Villager (Male) ×4 |
| 23:08 | Build | Barracks |
| 23:16 | Research | Town Watch |
| 23:17 | Create | Villager (Male) ×3 |
| 23:21 | Create | Monk |
| 23:42 | Create | Villager (Male) ×3 |
| 24:11 | Research | Ballistics |
| 24:21 | Research | Forging |
| 24:22 | Research | Fletching |
| 24:50 | Research | Hand Cart |
| 24:50 | Create | Villager (Male) ×5 |
| 25:05 | Build | Town Center |
| 25:13 | Build | Farm |
| 25:15 | Build | Farm |
| 25:16 | Build | Farm |
| 25:17 | Build | Farm |
| 25:19 | Build | Farm |
| 25:47 | Build | Archery Range |
| 25:48 | Build | Archery Range |
| 25:50 | Build | Archery Range |
| 25:55 | Create | Villager (Male) ×5 |
| 25:56 | Create | Villager (Male) ×5 |
| 26:16 | Research | Gold Shaft Mining |
| 26:48 | Research | Murder Holes |
| 27:31 | Create | Bolas Rider |
| 27:31 | Create | Bolas Rider |
| 27:31 | Create | Bolas Rider |
| 27:34 | Create | Bolas Rider |
| 27:59 | Build | Castle |
| 28:06 | Create | Villager (Male) ×5 |
| 28:06 | Create | Villager (Male) ×5 |
| 28:52 | Create | Bolas Rider |
| 28:52 | Create | Bolas Rider |
Build order — Ethan 520
First 150 of 377 actions detected
| 0:01 | Create | Villager (Male) |
| 0:01 | Create | Villager (Male) |
| 0:01 | Create | Villager (Male) |
| 0:01 | Create | Villager (Male) |
| 0:01 | Create | Villager (Male) |
| 0:03 | Build | House |
| 0:05 | Build | House |
| 1:24 | Create | Villager (Male) |
| 1:24 | Create | Villager (Male) |
| 2:00 | Create | Villager (Male) |
| 2:00 | Create | Villager (Male) |
| 2:30 | Create | Villager (Male) |
| 2:30 | Create | Villager (Male) |
| 2:31 | Create | Villager (Male) |
| 2:53 | Create | Villager (Male) |
| 3:20 | Create | Villager (Male) |
| 3:20 | Create | Villager (Male) |
| 3:27 | Build | House |
| 3:29 | Build | House |
| 3:37 | Create | Villager (Male) |
| 3:37 | Create | Villager (Male) |
| 3:38 | Create | Villager (Male) |
| 3:51 | Create | Villager (Male) |
| 3:51 | Create | Villager (Male) |
| 3:59 | Build | Lumber Camp |
| 4:23 | Create | Villager (Male) |
| 4:23 | Create | Villager (Male) |
| 4:59 | Create | Villager (Male) |
| 4:59 | Create | Villager (Male) |
| 4:59 | Create | Villager (Male) |
| 5:43 | Create | Villager (Male) |
| 5:43 | Create | Villager (Male) |
| 6:04 | Build | Mill |
| 6:35 | Create | Villager (Male) |
| 6:47 | Build | Mining Camp |
| 7:15 | Create | Villager (Male) |
| 7:35 | Build | Farm |
| 8:00 | Create | Villager (Male) |
| 8:03 | Research | Feudal Age |
| 8:09 | Build | Farm |
| 8:36 | Create | Villager (Male) |
| 8:36 | Create | Villager (Male) |
| 9:03 | Create | Villager (Male) |
| 10:13 | Age | Feudal Age |
| 10:19 | Build | Market |
| 10:38 | Build | Blacksmith |
| 11:23 | Research | Castle Age |
| 11:54 | Create | Villager (Male) |
| 11:54 | Create | Villager (Male) |
| 11:54 | Create | Villager (Male) |
| 12:00 | Research | Gold Mining |
| 12:19 | Create | Villager (Male) |
| 12:19 | Create | Villager (Male) |
| 12:30 | Build | Farm |
| 12:31 | Build | Farm |
| 12:36 | Create | Villager (Male) |
| 12:36 | Create | Villager (Male) |
| 12:46 | Build | House |
| 12:47 | Build | House |
| 12:48 | Build | House |
| 12:50 | Build | House |
| 12:51 | Build | House |
| 12:52 | Build | House |
| 14:03 | Age | Castle Age |
| 14:05 | Build | Town Center |
| 14:11 | Build | Monastery |
| 14:25 | Create | Villager (Male) |
| 14:25 | Create | Villager (Male) |
| 14:25 | Create | Villager (Male) |
| 14:25 | Create | Villager (Male) |
| 14:38 | Create | Villager (Male) |
| 14:38 | Create | Villager (Male) |
| 14:58 | Build | Lumber Camp |
| 15:04 | Create | Villager (Male) |
| 15:04 | Create | Villager (Male) |
| 15:08 | Create | Monk |
| 15:20 | Create | Villager (Male) |
| 15:20 | Create | Villager (Male) |
| 15:26 | Build | Farm |
| 15:47 | Create | Villager (Male) |
| 15:48 | Create | Villager (Male) |
| 16:29 | Build | Town Center |
| 16:35 | Create | Villager (Male) |
| 16:43 | Build | Farm |
| 16:44 | Build | Farm |
| 16:44 | Build | Farm |
| 17:14 | Create | Villager (Male) |
| 17:14 | Create | Villager (Male) |
| 17:14 | Create | Villager (Male) |
| 17:27 | Build | Farm |
| 17:27 | Build | Farm |
| 17:28 | Build | Farm |
| 17:36 | Build | Farm |
| 17:37 | Build | Farm |
| 17:39 | Build | Farm |
| 17:40 | Build | Farm |
| 17:43 | Create | Villager (Male) |
| 17:43 | Create | Villager (Male) |
| 17:43 | Create | Villager (Male) |
| 17:52 | Create | Monk |
| 18:00 | Research | Loom |
| 18:01 | Create | Villager (Male) |
| 18:01 | Create | Villager (Male) |
| 18:23 | Create | Villager (Male) |
| 18:24 | Create | Villager (Male) |
| 18:24 | Create | Villager (Male) |
| 18:37 | Create | Monk |
| 18:50 | Create | Villager (Male) |
| 18:51 | Create | Villager (Male) |
| 18:51 | Create | Villager (Male) |
| 19:07 | Create | Villager (Male) |
| 19:08 | Create | Villager (Male) |
| 19:08 | Create | Villager (Male) |
| 19:22 | Build | Farm |
| 19:23 | Build | Farm |
| 19:23 | Build | Farm |
| 19:24 | Build | Farm |
| 19:24 | Build | Farm |
| 19:26 | Build | Farm |
| 19:29 | Create | Villager (Male) |
| 19:29 | Create | Villager (Male) |
| 19:29 | Create | Villager (Male) |
| 19:29 | Create | Villager (Male) |
| 19:50 | Create | Villager (Male) |
| 19:56 | Create | Villager (Male) |
| 19:58 | Create | Villager (Male) |
| 19:58 | Create | Villager (Male) |
| 20:10 | Build | House |
| 20:10 | Build | House |
| 20:11 | Build | House |
| 20:12 | Build | House |
| 20:13 | Build | House |
| 20:16 | Create | Villager (Male) |
| 20:16 | Create | Villager (Male) |
| 20:16 | Create | Villager (Male) |
| 20:32 | Create | Villager (Male) |
| 20:33 | Create | Villager (Male) |
| 20:33 | Create | Villager (Male) |
| 20:39 | Create | Villager (Male) |
| 20:39 | Create | Villager (Male) |
| 20:54 | Create | Villager (Male) |
| 20:54 | Create | Villager (Male) |
| 20:54 | Create | Villager (Male) |
| 21:23 | Research | Wheelbarrow |
| 21:25 | Create | Villager (Male) |
| 21:25 | Create | Villager (Male) |
| 21:31 | Build | Town Center |
| 21:36 | Create | Villager (Male) |
| 21:36 | Create | Villager (Male) |
| 22:11 | Create | Villager (Male) |
Build order — BJK9875
First 150 of 369 actions detected
| 0:02 | Create | Villager (Male) |
| 0:02 | Create | Villager (Male) |
| 0:04 | Build | House |
| 0:05 | Build | House |
| 0:11 | Create | Villager (Male) |
| 0:12 | Create | Villager (Male) |
| 1:27 | Create | Villager (Male) |
| 1:27 | Create | Villager (Male) |
| 2:00 | Create | Villager (Male) |
| 2:01 | Create | Villager (Male) |
| 2:15 | Create | Villager (Male) |
| 2:16 | Create | Villager (Male) |
| 2:22 | Build | Lumber Camp |
| 2:44 | Create | Villager (Male) |
| 3:08 | Create | Villager (Male) |
| 3:08 | Create | Villager (Male) |
| 3:37 | Build | House |
| 3:42 | Create | Villager (Male) |
| 3:42 | Create | Villager (Male) |
| 3:43 | Create | Villager (Male) |
| 4:13 | Create | Villager (Male) |
| 4:14 | Create | Villager (Male) |
| 4:25 | Build | Mill |
| 4:31 | Create | Villager (Male) |
| 4:31 | Create | Villager (Male) |
| 4:54 | Create | Villager (Male) |
| 4:55 | Create | Villager (Male) |
| 5:12 | Create | Villager (Male) |
| 5:16 | Build | House |
| 5:57 | Build | Farm |
| 6:02 | Build | House |
| 6:13 | Create | Villager (Male) |
| 6:15 | Build | Farm |
| 6:37 | Create | Villager (Male) |
| 7:03 | Create | Villager (Male) |
| 7:11 | Create | Villager (Male) |
| 7:39 | Build | Farm |
| 7:51 | Create | Villager (Male) |
| 8:02 | Build | Mining Camp |
| 8:16 | Build | Farm |
| 8:21 | Create | Villager (Male) |
| 8:30 | Research | Feudal Age |
| 8:31 | Research | Feudal Age |
| 8:54 | Build | Farm |
| 9:04 | Create | Villager (Male) |
| 9:54 | Build | Farm |
| 10:12 | Build | Farm |
| 11:01 | Research | Castle Age |
| 11:01 | Research | Castle Age |
| 11:01 | Research | Castle Age |
| 11:10 | Research | Double-Bit Axe |
| 11:11 | Research | Double-Bit Axe |
| 12:32 | Research | Horse Collar |
| 12:33 | Research | Horse Collar |
| 12:33 | Research | Horse Collar |
| 12:51 | Research | Wheelbarrow |
| 13:47 | Build | Town Center |
| 14:12 | Research | Bow Saw |
| 14:17 | Create | Villager (Male) |
| 14:47 | Build | Town Center |
| 14:49 | Create | Villager (Male) |
| 14:51 | Create | Villager (Male) |
| 15:08 | Create | Villager (Male) |
| 15:10 | Create | Villager (Male) |
| 15:27 | Create | Villager (Male) |
| 15:29 | Build | Farm |
| 15:42 | Create | Villager (Male) |
| 15:49 | Build | Farm |
| 15:51 | Build | Farm |
| 15:55 | Research | Heavy Plow |
| 15:55 | Research | Heavy Plow |
| 15:55 | Research | Heavy Plow |
| 15:56 | Create | Villager (Male) |
| 16:07 | Create | Villager (Male) |
| 16:07 | Create | Villager (Male) |
| 16:09 | Create | Villager (Male) |
| 16:17 | Build | Farm |
| 16:25 | Build | House |
| 16:26 | Build | House |
| 16:34 | Create | Villager (Male) |
| 16:37 | Build | Farm |
| 16:42 | Build | Farm |
| 16:44 | Build | Farm |
| 16:46 | Create | Villager (Male) |
| 16:47 | Create | Villager (Male) |
| 17:01 | Build | Farm |
| 17:04 | Build | Farm |
| 17:08 | Build | Farm |
| 17:11 | Build | Farm |
| 17:14 | Create | Villager (Male) |
| 17:15 | Create | Villager (Male) |
| 17:17 | Build | House |
| 17:18 | Build | House |
| 17:20 | Create | Villager (Male) |
| 17:25 | Build | Farm |
| 17:27 | Build | Farm |
| 17:30 | Build | Farm |
| 17:33 | Build | Farm |
| 17:38 | Create | Villager (Male) |
| 17:38 | Create | Villager (Male) |
| 17:46 | Create | Villager (Male) |
| 17:46 | Create | Villager (Male) |
| 17:57 | Create | Villager (Male) |
| 17:57 | Create | Villager (Male) |
| 17:59 | Create | Villager (Male) |
| 18:09 | Create | Villager (Male) |
| 18:13 | Create | Villager (Male) |
| 18:16 | Build | Farm |
| 18:22 | Create | Villager (Male) |
| 18:27 | Build | Farm |
| 18:29 | Build | Farm |
| 18:30 | Build | Farm |
| 18:32 | Build | Farm |
| 18:33 | Create | Villager (Male) |
| 18:33 | Create | Villager (Male) |
| 18:36 | Build | House |
| 18:37 | Build | House |
| 18:38 | Build | House |
| 18:44 | Create | Villager (Male) |
| 18:48 | Build | Farm |
| 18:53 | Build | Farm |
| 18:55 | Create | Villager (Male) |
| 19:01 | Create | Villager (Male) |
| 19:08 | Create | Villager (Male) |
| 19:10 | Build | House |
| 19:21 | Create | Villager (Male) |
| 19:27 | Build | Siege Workshop |
| 19:43 | Create | Villager (Male) |
| 19:43 | Create | Villager (Male) |
| 19:50 | Create | Villager (Male) |
| 19:53 | Create | Villager (Male) |
| 19:56 | Build | Market |
| 20:01 | Create | Villager (Male) |
| 20:11 | Create | Villager (Male) |
| 20:20 | Build | House |
| 20:21 | Build | House |
| 20:24 | Build | House |
| 20:25 | Build | House |
| 20:33 | Create | Villager (Male) |
| 20:33 | Create | Villager (Male) |
| 20:35 | Research | Gold Mining |
| 20:36 | Create | Villager (Male) |
| 20:46 | Create | Villager (Male) |
| 20:50 | Build | Lumber Camp |
| 20:53 | Create | Villager (Male) |
| 20:57 | Build | Farm |
| 21:04 | Create | Villager (Male) |
| 21:07 | Create | Villager (Male) |
| 21:07 | Create | Villager (Male) |
| 21:12 | Create | Villager (Male) |
Build order — needhelp
First 150 of 316 actions detected
| 0:05 | Create | Villager (Male) ×4 |
| 0:06 | Create | Villager (Male) ×4 |
| 0:07 | Build | House |
| 0:09 | Build | House |
| 1:38 | Create | Villager (Male) |
| 1:38 | Create | Villager (Male) |
| 2:10 | Create | Villager (Male) |
| 2:10 | Create | Villager (Male) |
| 2:28 | Create | Villager (Male) |
| 2:28 | Create | Villager (Male) |
| 3:02 | Create | Villager (Male) |
| 3:02 | Create | Villager (Male) |
| 3:21 | Create | Villager (Male) |
| 3:34 | Create | Villager (Male) |
| 3:35 | Create | Villager (Male) |
| 3:49 | Build | House |
| 4:10 | Build | Lumber Camp |
| 4:18 | Create | Villager (Male) ×3 |
| 4:19 | Create | Villager (Male) ×3 |
| 4:37 | Create | Villager (Male) |
| 5:11 | Create | Villager (Male) |
| 5:18 | Build | House |
| 5:31 | Create | Villager (Male) |
| 6:19 | Build | Mill |
| 6:27 | Create | Villager (Male) |
| 7:01 | Create | Villager (Male) |
| 7:19 | Build | Mining Camp |
| 7:21 | Create | Villager (Male) |
| 7:47 | Create | Villager (Male) |
| 7:53 | Build | Mining Camp |
| 8:00 | Build | House |
| 8:18 | Create | Villager (Male) |
| 8:42 | Create | Villager (Male) |
| 8:49 | Build | Farm |
| 9:03 | Research | Feudal Age |
| 9:13 | Build | Farm |
| 9:40 | Build | Farm |
| 10:59 | Create | Villager (Male) |
| 11:23 | Build | Farm |
| 11:29 | Age | Feudal Age |
| 11:37 | Build | Farm |
| 11:44 | Research | Loom |
| 12:02 | Research | Castle Age |
| 12:35 | Research | Double-Bit Axe |
| 13:09 | Research | Horse Collar |
| 14:00 | Create | Villager (Male) |
| 14:59 | Age | Castle Age |
| 15:04 | Create | Villager (Male) |
| 15:11 | Build | Town Center |
| 15:33 | Build | Town Center |
| 15:38 | Create | Villager (Male) |
| 15:55 | Build | Farm |
| 15:58 | Create | Villager (Male) |
| 16:11 | Build | House |
| 16:17 | Build | Farm |
| 16:19 | Create | Villager (Male) |
| 16:31 | Create | Villager (Male) |
| 16:32 | Create | Villager (Male) |
| 16:35 | Build | Farm |
| 16:36 | Build | Farm |
| 16:37 | Build | Farm |
| 16:44 | Build | Farm |
| 16:47 | Create | Villager (Male) |
| 17:01 | Build | Farm |
| 17:04 | Create | Villager (Male) |
| 17:14 | Build | Farm |
| 17:17 | Create | Villager (Male) |
| 17:18 | Create | Villager (Male) |
| 17:24 | Build | House |
| 17:26 | Build | House |
| 17:30 | Create | Villager (Male) |
| 17:34 | Create | Villager (Male) |
| 17:43 | Build | Farm |
| 17:46 | Build | Farm |
| 17:48 | Create | Villager (Male) |
| 17:52 | Build | Farm |
| 17:54 | Create | Villager (Male) |
| 18:00 | Build | Farm |
| 18:03 | Create | Villager (Male) |
| 18:14 | Create | Villager (Male) |
| 18:17 | Build | Farm |
| 18:19 | Create | Villager (Male) |
| 18:22 | Create | Villager (Male) |
| 18:23 | Build | Farm |
| 18:28 | Create | Villager (Male) |
| 18:34 | Build | Farm |
| 18:39 | Build | Castle |
| 18:45 | Build | Farm |
| 18:48 | Create | Villager (Male) |
| 18:50 | Create | Villager (Male) |
| 19:00 | Create | Villager (Male) |
| 19:09 | Build | House |
| 19:11 | Build | House |
| 19:17 | Create | Villager (Male) |
| 19:18 | Create | Villager (Male) |
| 19:20 | Create | Villager (Male) |
| 19:32 | Create | Villager (Male) |
| 19:39 | Create | Villager (Male) |
| 19:51 | Create | Villager (Male) |
| 19:55 | Build | Lumber Camp |
| 19:59 | Create | Villager (Male) |
| 20:00 | Create | Villager (Male) |
| 20:07 | Create | Villager (Male) |
| 20:12 | Create | Villager (Male) |
| 20:14 | Build | Farm |
| 20:19 | Build | House |
| 20:20 | Build | House |
| 20:22 | Build | House |
| 20:33 | Create | Villager (Male) |
| 20:34 | Create | Villager (Male) |
| 20:36 | Create | Villager (Male) |
| 21:00 | Build | Town Center |
| 21:05 | Create | Villager (Male) |
| 21:07 | Create | Villager (Male) |
| 21:10 | Create | Villager (Male) |
| 21:11 | Research | Bow Saw |
| 21:17 | Create | Villager (Male) |
| 21:19 | Create | Villager (Male) |
| 21:22 | Build | Farm |
| 21:34 | Create | Villager (Male) |
| 21:35 | Create | Villager (Male) |
| 21:43 | Build | Farm |
| 21:47 | Build | House |
| 21:48 | Build | House |
| 21:49 | Build | House |
| 21:51 | Build | House |
| 21:53 | Create | Villager (Male) |
| 21:54 | Create | Villager (Male) |
| 22:02 | Research | Heavy Plow |
| 22:11 | Create | Villager (Male) |
| 22:13 | Build | Farm |
| 22:20 | Research | Gold Mining |
| 22:26 | Create | Villager (Male) |
| 22:29 | Build | Farm |
| 22:30 | Create | Villager (Male) |
| 22:43 | Build | Farm |
| 22:46 | Create | Villager (Male) |
| 22:49 | Create | Villager (Male) |
| 22:51 | Build | Farm |
| 22:53 | Create | Villager (Male) |
| 22:57 | Build | Farm |
| 23:01 | Build | Farm |
| 23:02 | Build | Farm |
| 23:04 | Build | Farm |
| 23:05 | Build | Farm |
| 23:07 | Build | Farm |
| 23:09 | Create | Villager (Male) |
| 23:12 | Create | Villager (Male) |
| 23:16 | Research | Stone Mining |
| 23:22 | Create | Villager (Male) |
Build order — Red Death Rocker
First 150 of 162 actions detected
| 0:06 | Build | House |
| 0:17 | Create | Villager (Male) |
| 0:17 | Create | Villager (Male) |
| 0:17 | Create | Villager (Male) |
| 0:18 | Create | Villager (Male) |
| 0:18 | Create | Villager (Male) |
| 0:29 | Build | House |
| 1:44 | Create | Villager (Male) |
| 1:44 | Create | Villager (Male) |
| 1:45 | Create | Villager (Male) |
| 2:31 | Build | Mill |
| 2:52 | Create | Villager (Male) |
| 2:53 | Create | Villager (Male) |
| 2:53 | Create | Villager (Male) |
| 2:53 | Create | Villager (Male) |
| 3:58 | Create | Villager (Male) |
| 3:58 | Create | Villager (Male) |
| 3:58 | Create | Villager (Male) |
| 3:58 | Create | Villager (Male) |
| 3:58 | Create | Villager (Male) |
| 5:12 | Build | House |
| 5:15 | Build | House |
| 5:21 | Create | Villager (Male) |
| 5:22 | Create | Villager (Male) |
| 5:22 | Create | Villager (Male) |
| 6:30 | Create | Villager (Male) |
| 6:30 | Create | Villager (Male) |
| 6:31 | Create | Villager (Male) |
| 6:31 | Create | Villager (Male) |
| 9:00 | Build | Lumber Camp |
| 9:15 | Build | Mining Camp |
| 9:23 | Research | Feudal Age |
| 10:05 | Create | Villager (Male) |
| 10:05 | Create | Villager (Male) |
| 11:33 | Age | Feudal Age |
| 11:45 | Research | Double-Bit Axe |
| 11:47 | Create | Villager (Male) |
| 11:47 | Create | Villager (Male) |
| 12:03 | Build | Barracks |
| 13:01 | Build | Watch Tower |
| 13:20 | Build | Watch Tower |
| 13:27 | Create | Villager (Male) |
| 13:27 | Create | Villager (Male) |
| 13:28 | Create | Villager (Male) |
| 14:12 | Build | Farm |
| 14:24 | Build | House |
| 14:28 | Build | House |
| 14:30 | Build | House |
| 14:36 | Build | Farm |
| 14:49 | Build | Farm |
| 14:53 | Build | Farm |
| 14:59 | Build | Mining Camp |
| 15:05 | Build | Farm |
| 15:14 | Build | Farm |
| 15:26 | Build | Farm |
| 15:45 | Build | Stone Wall |
| 15:51 | Build | Farm |
| 16:00 | Build | Farm |
| 16:04 | Create | Villager (Male) |
| 16:05 | Create | Villager (Male) |
| 16:05 | Create | Villager (Male) |
| 16:28 | Build | Stone Wall |
| 17:10 | Create | Villager (Male) |
| 17:10 | Create | Villager (Male) |
| 17:35 | Build | Barracks |
| 17:40 | Create | Spearman |
| 17:40 | Create | Spearman |
| 17:41 | Create | Spearman |
| 17:41 | Create | Spearman |
| 17:41 | Create | Spearman |
| 17:50 | Create | Villager (Male) |
| 17:51 | Create | Villager (Male) |
| 17:51 | Create | Villager (Male) |
| 18:19 | Build | Market |
| 18:36 | Create | Spearman |
| 18:37 | Create | Spearman |
| 19:20 | Build | Archery Range |
| 19:31 | Build | House |
| 19:34 | Build | House |
| 19:36 | Build | House |
| 19:39 | Build | House |
| 19:45 | Create | Villager (Male) |
| 19:45 | Create | Villager (Male) |
| 19:45 | Create | Villager (Male) |
| 20:01 | Build | House |
| 20:04 | Build | House |
| 20:12 | Build | House |
| 20:52 | Create | Spearman |
| 20:53 | Create | Spearman |
| 21:08 | Build | Blacksmith |
| 21:16 | Create | Villager (Male) |
| 21:16 | Create | Villager (Male) |
| 21:17 | Create | Villager (Male) |
| 22:20 | Build | Farm |
| 22:33 | Research | Castle Age |
| 22:50 | Build | Stone Wall |
| 22:59 | Create | Spearman |
| 22:59 | Create | Spearman |
| 22:59 | Create | Spearman |
| 23:06 | Build | Farm |
| 24:02 | Create | Skirmisher |
| 24:02 | Create | Skirmisher |
| 24:02 | Create | Skirmisher |
| 24:02 | Create | Skirmisher |
| 24:03 | Create | Skirmisher |
| 24:03 | Create | Skirmisher |
| 24:03 | Create | Skirmisher |
| 24:03 | Create | Skirmisher |
| 24:04 | Create | Skirmisher |
| 24:04 | Create | Skirmisher |
| 24:04 | Create | Skirmisher |
| 24:57 | Build | Farm |
| 25:13 | Age | Castle Age |
| 25:26 | Build | Castle |
| 25:32 | Create | Villager (Male) |
| 25:32 | Create | Villager (Male) |
| 25:32 | Create | Villager (Male) |
| 26:07 | Create | Villager (Male) |
| 26:07 | Create | Villager (Male) |
| 26:37 | Build | Siege Workshop |
| 27:01 | Create | Villager (Male) |
| 27:33 | Research | Padded Archer Armor |
| 27:34 | Research | Fletching |
| 27:35 | Research | Forging |
| 27:48 | Build | Siege Workshop |
| 27:53 | Create | Villager (Male) |
| 27:53 | Create | Villager (Male) |
| 27:54 | Create | Villager (Male) |
| 28:04 | Build | Farm |
| 28:26 | Build | Mill |
| 28:36 | Create | Mangonel |
| 28:36 | Create | Mangonel |
| 29:13 | Research | Pikeman (upgrade) |
| 29:15 | Research | Squires |
| 29:21 | Build | Farm |
| 29:28 | Build | Farm |
| 29:37 | Build | Farm |
| 29:49 | Build | Farm |
| 30:58 | Create | Conquistador |
| 30:58 | Create | Conquistador |
| 30:58 | Create | Conquistador |
| 30:59 | Create | Conquistador |
| 30:59 | Create | Conquistador |
| 30:59 | Create | Conquistador |
| 30:59 | Create | Conquistador |
| 31:00 | Create | Conquistador |
| 31:00 | Create | Conquistador |
| 31:06 | Build | Farm |
| 31:10 | Build | Farm |
| 31:15 | Build | Farm |
Build order — Malte
First 150 of 172 actions detected
| 0:03 | Create | Villager (Male) ×4 |
| 0:07 | Build | House |
| 0:09 | Build | House |
| 1:42 | Create | Villager (Male) |
| 2:11 | Build | Lumber Camp |
| 2:15 | Create | Villager (Male) |
| 2:29 | Create | Villager (Male) |
| 2:58 | Create | Villager (Male) |
| 3:19 | Create | Villager (Male) |
| 3:58 | Create | Villager (Male) |
| 4:21 | Create | Villager (Male) |
| 4:55 | Create | Villager (Male) |
| 4:55 | Create | Villager (Male) |
| 4:58 | Research | Loom |
| 5:01 | Build | House |
| 5:04 | Create | Villager (Male) |
| 5:16 | Create | Villager (Male) |
| 6:18 | Create | Villager (Male) |
| 6:42 | Create | Villager (Male) |
| 7:07 | Build | House |
| 7:11 | Create | Villager (Male) |
| 7:34 | Create | Villager (Male) |
| 8:04 | Build | Mining Camp |
| 8:06 | Create | Villager (Male) |
| 8:12 | Create | Villager (Male) |
| 8:41 | Build | Mining Camp |
| 8:45 | Create | Villager (Male) |
| 9:07 | Build | Mill |
| 9:11 | Create | Villager (Male) |
| 9:13 | Create | Villager (Male) |
| 9:22 | Research | Feudal Age |
| 9:35 | Build | House |
| 9:39 | Build | House |
| 9:40 | Build | House |
| 11:37 | Create | Villager (Male) |
| 11:56 | Age | Feudal Age |
| 12:01 | Create | Villager (Male) |
| 12:07 | Build | Blacksmith |
| 12:09 | Build | Market |
| 12:44 | Create | Villager (Male) |
| 13:12 | Create | Villager (Male) |
| 13:15 | Research | Horse Collar |
| 13:18 | Research | Double-Bit Axe |
| 13:43 | Create | Villager (Male) |
| 13:45 | Create | Villager (Male) |
| 13:51 | Build | Farm |
| 13:52 | Build | Farm |
| 13:53 | Build | Farm |
| 14:16 | Create | Villager (Male) |
| 14:32 | Build | Farm |
| 14:33 | Build | Farm |
| 14:35 | Build | Farm |
| 14:47 | Create | Villager (Male) |
| 15:09 | Build | Farm |
| 15:15 | Build | Farm |
| 15:16 | Build | Farm |
| 15:21 | Create | Villager (Male) |
| 15:52 | Create | Villager (Male) |
| 16:26 | Research | Castle Age |
| 16:27 | Research | Castle Age |
| 16:32 | Research | Fletching |
| 17:06 | Build | Farm |
| 17:15 | Research | Padded Archer Armor |
| 17:21 | Build | Barracks |
| 18:36 | Build | Archery Range |
| 18:47 | Create | Villager (Male) |
| 18:48 | Create | Villager (Male) |
| 19:06 | Age | Castle Age |
| 19:10 | Build | Castle |
| 19:24 | Build | Town Center |
| 19:43 | Build | Town Center |
| 19:47 | Create | Villager (Male) |
| 20:01 | Research | Bodkin Arrow |
| 20:09 | Create | Villager (Male) |
| 20:13 | Research | Bow Saw |
| 20:21 | Research | Leather Archer Armor |
| 20:47 | Create | Genoese Crossbowman |
| 21:03 | Create | Villager (Male) |
| 21:04 | Create | Villager (Male) |
| 21:31 | Create | Villager (Male) |
| 21:32 | Create | Villager (Male) |
| 21:32 | Create | Villager (Male) |
| 21:41 | Research | Heavy Plow |
| 21:47 | Create | Genoese Crossbowman |
| 21:48 | Create | Genoese Crossbowman |
| 22:00 | Create | Villager (Male) |
| 22:00 | Create | Villager (Male) |
| 22:01 | Create | Villager (Male) |
| 22:22 | Build | University |
| 22:33 | Create | Villager (Male) |
| 22:33 | Create | Villager (Male) |
| 22:33 | Create | Villager (Male) |
| 23:00 | Create | Villager (Male) |
| 23:02 | Create | Villager (Male) |
| 23:14 | Build | Farm |
| 23:16 | Build | Farm |
| 23:34 | Build | Farm |
| 23:35 | Build | Farm |
| 23:41 | Build | Farm |
| 23:44 | Build | Farm |
| 23:51 | Research | Ballistics |
| 23:55 | Create | Villager (Male) |
| 23:55 | Create | Villager (Male) |
| 23:55 | Create | Villager (Male) |
| 24:10 | Create | Genoese Crossbowman ×5 |
| 24:11 | Create | Genoese Crossbowman |
| 24:11 | Create | Genoese Crossbowman |
| 24:28 | Create | Villager (Male) |
| 24:28 | Create | Villager (Male) |
| 24:28 | Create | Villager (Male) |
| 24:39 | Build | Farm |
| 24:48 | Build | Farm |
| 24:52 | Build | Farm |
| 24:55 | Build | Farm |
| 25:01 | Build | Farm |
| 25:05 | Create | Villager (Male) |
| 25:05 | Create | Villager (Male) |
| 25:05 | Create | Villager (Male) |
| 25:17 | Build | House |
| 25:21 | Build | House |
| 25:24 | Build | House |
| 25:24 | Build | House |
| 25:25 | Build | House |
| 25:26 | Build | House |
| 25:35 | Create | Villager (Male) |
| 25:36 | Create | Villager (Male) |
| 25:36 | Create | Villager (Male) |
| 26:23 | Build | Castle |
| 26:38 | Build | Mining Camp |
| 26:42 | Research | Wheelbarrow |
| 26:44 | Create | Villager (Male) |
| 26:44 | Create | Villager (Male) |
| 26:46 | Create | Villager (Male) |
| 26:46 | Create | Villager (Male) |
| 27:15 | Create | Petard |
| 27:16 | Create | Petard |
| 27:41 | Research | Thumb Ring |
| 27:46 | Create | Villager (Male) |
| 27:46 | Create | Villager (Male) |
| 27:46 | Create | Villager (Male) |
| 27:53 | Create | Villager (Male) |
| 27:54 | Create | Villager (Male) |
| 28:16 | Build | Farm |
| 28:16 | Build | Farm |
| 28:17 | Build | Farm |
| 28:18 | Build | Farm |
| 28:19 | Build | Farm |
| 29:13 | Create | Villager (Male) |
| 29:13 | Create | Villager (Male) |
| 29:13 | Create | Villager (Male) |
Build order — Charlesmartel
First 150 of 337 actions detected
| 0:02 | Create | Villager (Male) |
| 0:02 | Create | Villager (Male) |
| 0:03 | Create | Villager (Male) |
| 0:04 | Build | House |
| 0:07 | Build | House |
| 0:23 | Create | Villager (Male) |
| 1:42 | Create | Villager (Male) |
| 1:42 | Create | Villager (Male) |
| 1:42 | Create | Villager (Male) |
| 1:49 | Build | Lumber Camp |
| 2:30 | Create | Villager (Male) |
| 2:31 | Create | Villager (Male) |
| 2:31 | Create | Villager (Male) |
| 3:04 | Build | House |
| 3:19 | Create | Villager (Male) |
| 3:20 | Create | Villager (Male) |
| 4:09 | Create | Villager (Male) |
| 4:10 | Create | Villager (Male) |
| 4:15 | Build | Mill |
| 4:51 | Create | Villager (Male) |
| 5:09 | Create | Villager (Male) |
| 5:32 | Build | House |
| 5:56 | Create | Villager (Male) |
| 6:19 | Create | Villager (Male) |
| 6:34 | Research | Double-Bit Axe |
| 6:42 | Build | Farm |
| 6:48 | Create | Villager (Male) |
| 7:12 | Create | Villager (Male) |
| 7:15 | Build | Farm |
| 7:18 | Create | Villager (Male) |
| 7:39 | Build | Farm |
| 7:50 | Create | Villager (Male) |
| 7:55 | Build | House |
| 8:09 | Build | House |
| 8:15 | Create | Villager (Male) |
| 8:36 | Create | Villager (Male) |
| 8:42 | Build | Mining Camp |
| 9:01 | Build | House |
| 9:06 | Create | Villager (Male) |
| 9:14 | Build | Farm |
| 9:29 | Research | Feudal Age |
| 11:01 | Create | Villager (Male) |
| 11:33 | Build | Farm |
| 11:54 | Age | Feudal Age |
| 11:56 | Build | Market |
| 12:01 | Build | Blacksmith |
| 12:06 | Create | Villager (Male) |
| 12:08 | Build | Farm |
| 12:11 | Build | Farm |
| 12:27 | Build | Farm |
| 12:47 | Research | Castle Age |
| 12:48 | Research | Castle Age |
| 13:01 | Research | Bow Saw |
| 14:12 | Create | Villager (Male) |
| 14:14 | Create | Villager (Male) |
| 15:27 | Age | Castle Age |
| 15:31 | Build | Town Center |
| 15:33 | Create | Villager (Male) |
| 15:33 | Create | Villager (Male) |
| 15:39 | Build | Town Center |
| 15:44 | Research | Horse Collar |
| 15:54 | Build | Farm |
| 15:56 | Create | Villager (Male) |
| 15:56 | Research | Loom |
| 15:58 | Build | Farm |
| 16:10 | Build | Farm |
| 16:27 | Create | Villager (Male) |
| 16:27 | Create | Villager (Male) |
| 16:45 | Create | Villager (Male) |
| 16:45 | Create | Villager (Male) |
| 16:51 | Build | Farm |
| 16:55 | Create | Villager (Male) |
| 17:03 | Create | Villager (Male) |
| 17:04 | Create | Villager (Male) |
| 17:04 | Create | Villager (Male) |
| 17:05 | Create | Villager (Male) |
| 17:05 | Create | Villager (Male) |
| 17:09 | Build | Farm |
| 17:21 | Build | Farm |
| 17:26 | Build | House |
| 17:28 | Build | House |
| 17:29 | Build | House |
| 17:33 | Create | Villager (Male) |
| 17:34 | Create | Villager (Male) |
| 17:51 | Research | Wheelbarrow |
| 17:52 | Create | Villager (Male) |
| 17:52 | Create | Villager (Male) |
| 17:52 | Create | Villager (Male) |
| 17:59 | Build | Farm |
| 18:01 | Create | Villager (Male) |
| 18:01 | Research | Loom |
| 18:05 | Build | Farm |
| 18:07 | Build | Farm |
| 18:09 | Create | Villager (Male) |
| 18:26 | Create | Villager (Male) |
| 18:26 | Create | Villager (Male) |
| 18:26 | Create | Villager (Male) |
| 18:28 | Build | Farm |
| 18:30 | Build | Farm |
| 18:38 | Create | Villager (Male) |
| 18:47 | Build | Farm |
| 18:49 | Build | Farm |
| 18:51 | Create | Villager (Male) |
| 18:51 | Create | Villager (Male) |
| 18:57 | Build | Farm |
| 19:00 | Build | Farm |
| 19:02 | Create | Villager (Male) |
| 19:08 | Build | House |
| 19:10 | Build | House |
| 19:13 | Build | House |
| 19:20 | Create | Villager (Male) |
| 19:21 | Create | Villager (Male) |
| 19:27 | Build | Farm |
| 19:41 | Build | Town Center |
| 19:46 | Create | Villager (Male) |
| 19:46 | Create | Villager (Male) |
| 19:51 | Build | Farm |
| 19:53 | Build | Farm |
| 20:05 | Build | House |
| 20:06 | Build | House |
| 20:14 | Build | Farm |
| 20:17 | Create | Villager (Male) |
| 20:18 | Create | Villager (Male) |
| 20:18 | Create | Villager (Male) |
| 20:29 | Build | Farm |
| 20:30 | Build | Farm |
| 20:35 | Create | Villager (Male) |
| 20:35 | Create | Villager (Male) |
| 20:42 | Build | Farm |
| 20:43 | Create | Villager (Male) |
| 20:44 | Create | Villager (Male) |
| 20:44 | Create | Villager (Male) |
| 20:58 | Build | Farm |
| 21:04 | Create | Villager (Male) |
| 21:05 | Create | Villager (Male) |
| 21:11 | Create | Villager (Male) |
| 21:11 | Create | Villager (Male) |
| 21:11 | Create | Villager (Male) |
| 21:11 | Create | Villager (Male) |
| 21:12 | Create | Villager (Male) |
| 21:12 | Create | Villager (Male) |
| 21:15 | Build | Farm |
| 21:17 | Build | Farm |
| 21:22 | Build | Farm |
| 21:25 | Build | Farm |
| 21:26 | Create | Villager (Male) |
| 21:26 | Create | Villager (Male) |
| 21:26 | Create | Villager (Male) |
| 21:41 | Build | Farm |
| 21:44 | Build | Farm |
Build order — moeron
First 150 of 444 actions detected
| 0:01 | Create | Villager (Male) |
| 0:01 | Create | Villager (Male) |
| 0:01 | Create | Villager (Male) |
| 0:02 | Create | Villager (Male) |
| 0:02 | Create | Villager (Male) |
| 0:02 | Create | Villager (Male) |
| 0:03 | Build | House |
| 0:05 | Build | House |
| 1:29 | Create | Villager (Male) |
| 1:29 | Create | Villager (Male) |
| 1:29 | Create | Villager (Male) |
| 1:50 | Build | Lumber Camp |
| 2:02 | Create | Villager (Male) |
| 2:03 | Create | Villager (Male) |
| 2:18 | Create | Villager (Male) |
| 2:18 | Create | Villager (Male) |
| 2:19 | Create | Villager (Male) |
| 2:19 | Create | Villager (Male) |
| 2:53 | Create | Villager (Male) |
| 2:53 | Create | Villager (Male) |
| 3:14 | Create | Villager (Male) |
| 3:14 | Create | Villager (Male) |
| 3:14 | Create | Villager (Male) |
| 3:36 | Build | House |
| 3:37 | Build | House |
| 3:37 | Build | House |
| 3:49 | Create | Villager (Male) |
| 4:00 | Create | Villager (Male) |
| 4:00 | Create | Villager (Male) |
| 4:00 | Create | Villager (Male) |
| 4:18 | Create | Villager (Male) |
| 4:33 | Create | Villager (Male) |
| 4:33 | Create | Villager (Male) |
| 4:34 | Create | Villager (Male) |
| 4:48 | Create | Villager (Male) |
| 4:48 | Create | Villager (Male) |
| 5:11 | Build | Mill |
| 5:38 | Create | Villager (Male) |
| 5:38 | Create | Villager (Male) |
| 5:38 | Create | Villager (Male) |
| 5:53 | Build | Farm |
| 6:04 | Create | Villager (Male) |
| 6:04 | Create | Villager (Male) |
| 6:04 | Create | Villager (Male) |
| 6:05 | Create | Villager (Male) |
| 6:31 | Create | Villager (Male) |
| 6:31 | Create | Villager (Male) |
| 6:32 | Create | Villager (Male) |
| 6:48 | Build | Farm |
| 6:50 | Build | Farm |
| 6:58 | Create | Villager (Male) |
| 6:58 | Create | Villager (Male) |
| 7:24 | Create | Villager (Male) |
| 7:56 | Create | Villager (Male) |
| 7:57 | Create | Villager (Male) |
| 8:30 | Build | Mining Camp |
| 8:40 | Create | Villager (Male) |
| 9:07 | Research | Feudal Age |
| 10:32 | Age | Feudal Age |
| 10:34 | Create | Villager (Male) |
| 10:35 | Create | Villager (Male) |
| 10:38 | Build | Market |
| 10:42 | Build | Blacksmith |
| 11:16 | Create | Villager (Male) |
| 11:26 | Build | House |
| 12:00 | Research | Castle Age |
| 12:09 | Build | Farm |
| 12:13 | Build | Farm |
| 12:21 | Build | Farm |
| 12:24 | Build | Farm |
| 12:35 | Research | Double-Bit Axe |
| 13:22 | Research | Horse Collar |
| 13:28 | Create | Villager (Male) |
| 13:28 | Create | Villager (Male) |
| 13:36 | Age | Castle Age |
| 13:39 | Build | Town Center |
| 13:50 | Create | Villager (Male) |
| 14:00 | Build | Farm |
| 14:05 | Build | Farm |
| 14:08 | Build | Farm |
| 14:11 | Create | Villager (Male) |
| 14:35 | Create | Villager (Male) |
| 14:39 | Build | House |
| 14:40 | Build | House |
| 14:56 | Create | Villager (Male) |
| 15:09 | Build | Town Center |
| 15:24 | Create | Villager (Male) |
| 15:24 | Create | Villager (Male) |
| 15:25 | Create | Villager (Male) |
| 15:26 | Create | Villager (Male) |
| 15:38 | Research | Bow Saw |
| 15:38 | Research | Bow Saw |
| 15:50 | Create | Villager (Male) |
| 15:55 | Build | Farm |
| 15:59 | Create | Villager (Male) |
| 16:16 | Build | Farm |
| 16:17 | Create | Villager (Male) |
| 16:21 | Build | Farm |
| 16:22 | Create | Villager (Male) |
| 16:37 | Build | Farm |
| 16:38 | Build | Farm |
| 16:38 | Create | Villager (Male) |
| 16:38 | Create | Villager (Male) |
| 16:39 | Create | Villager (Male) |
| 16:52 | Build | Farm |
| 16:54 | Build | Farm |
| 17:02 | Create | Villager (Male) |
| 17:03 | Build | Farm |
| 17:08 | Create | Villager (Male) |
| 17:08 | Create | Villager (Male) |
| 17:08 | Create | Villager (Male) |
| 17:09 | Create | Villager (Male) |
| 17:18 | Build | Farm |
| 17:21 | Build | Farm |
| 17:26 | Build | Farm |
| 17:27 | Create | Villager (Male) |
| 17:27 | Create | Villager (Male) |
| 17:37 | Create | Villager (Male) |
| 17:38 | Create | Villager (Male) |
| 17:41 | Build | Farm |
| 17:43 | Build | Farm |
| 17:46 | Create | Villager (Male) |
| 17:47 | Create | Villager (Male) |
| 17:57 | Build | House |
| 17:58 | Build | House |
| 17:59 | Build | House |
| 18:00 | Create | Villager (Male) |
| 18:00 | Create | Villager (Male) |
| 18:08 | Create | Villager (Male) |
| 18:09 | Create | Villager (Male) |
| 18:13 | Create | Villager (Male) |
| 18:13 | Create | Villager (Male) |
| 18:18 | Build | Town Center |
| 18:26 | Create | Villager (Male) |
| 18:26 | Create | Villager (Male) |
| 18:26 | Create | Villager (Male) |
| 18:30 | Create | Villager (Male) |
| 18:30 | Create | Villager (Male) |
| 18:30 | Create | Villager (Male) |
| 18:40 | Create | Villager (Male) |
| 18:40 | Create | Villager (Male) |
| 18:40 | Create | Villager (Male) |
| 18:44 | Build | Farm |
| 18:49 | Create | Villager (Male) |
| 18:49 | Create | Villager (Male) |
| 18:49 | Create | Villager (Male) |
| 18:54 | Build | Farm |
| 18:54 | Build | Farm |
| 18:54 | Build | Farm |
| 18:54 | Build | Farm |
Match timeline
| 10:13 | Ethan 520 · age_up feudal |
| 10:32 | moeron · age_up feudal |
| 11:29 | needhelp · age_up feudal |
| 11:33 | Red Death Rocker · age_up feudal |
| 11:38 | Jean Claude Tiche · age_up feudal |
| 11:54 | Charlesmartel · age_up feudal |
| 11:56 | Malte · age_up feudal |
| 12:03 | Red Death Rocker · first_building Barracks |
| 13:36 | moeron · age_up castle |
| 14:03 | Ethan 520 · age_up castle |
| 14:11 | Ethan 520 · first_building Monastery |
| 14:59 | needhelp · age_up castle |
| 15:27 | Charlesmartel · age_up castle |
| 15:29 | moeron · first_market_buy 100 food |
| 15:45 | Red Death Rocker · wall_segment Stone Wall x1 |
| 15:58 | Jean Claude Tiche · age_up castle |
| 16:09 | Malte · first_market_buy 100 food |
| 16:13 | Malte · first_market_sell 100 wood |
| 16:28 | Red Death Rocker · wall_segment Stone Wall x6 |
| 17:21 | Malte · first_building Barracks |
| 18:36 | Malte · first_building Archery Range |
| 18:39 | needhelp · first_building Castle |
| 19:06 | Malte · age_up castle |
| 19:10 | Malte · first_building Castle |
| 19:20 | Red Death Rocker · first_building Archery Range |
| 19:27 | BJK9875 · first_building Siege Workshop |
| 19:36 | Charlesmartel · first_market_buy 100 stone |
| 21:29 | BJK9875 · first_building Barracks |
| 22:33 | Jean Claude Tiche · first_building Monastery |
| 22:50 | Red Death Rocker · wall_segment Stone Wall x5 |
| 22:58 | Charlesmartel · first_building Monastery |
| 23:08 | Jean Claude Tiche · first_building Barracks |
| 24:04 | needhelp · first_building Siege Workshop |
| 24:22 | moeron · first_building Monastery |
| 25:13 | Red Death Rocker · age_up castle |
| 25:24 | Ethan 520 · first_building Barracks |
| 25:26 | Red Death Rocker · first_building Castle |
| 25:33 | needhelp · first_building Stable |
| 25:47 | moeron · first_building Barracks |
| 25:47 | Jean Claude Tiche · first_building Archery Range |
| 26:21 | Ethan 520 · first_building Stable |
| 26:37 | Red Death Rocker · first_building Siege Workshop |
| 26:41 | Charlesmartel · first_market_sell 100 food |
| 27:07 | Charlesmartel · first_building Barracks |
| 27:16 | Ethan 520 · first_building Castle |
| 27:21 | moeron · first_building Stable |
| 27:28 | moeron · age_up imperial |
| 27:59 | Jean Claude Tiche · first_building Castle |
| 28:26 | Charlesmartel · first_building Stable |
| 29:13 | needhelp · age_up imperial |
| 29:34 | moeron · first_building Castle |
| 30:15 | Charlesmartel · age_up imperial |
| 30:58 | Ethan 520 · age_up imperial |
| 31:42 | Charlesmartel · first_building Castle |
| 32:06 | Jean Claude Tiche · wall_segment Stone Wall x10 |
| 32:41 | Ethan 520 · first_market_sell 100 wood |
| 33:24 | Malte · age_up imperial |
| 34:13 | Red Death Rocker · resign |
[ AI ANALYSIS · 1 CREDIT ]
What really happened in this match?
Wolo.gg analyzes every decision: build order, eco, micro, common mistakes by bracket. Personalized analysis on WhatsApp or Discord in 30 seconds.
Civ guide
Mapuche
Map guide
Arena
Perfil
Jugador #3338512